 Dungeon Crawl Stone Soup version 0.25-a0-246-g58704a1ebd (webtiles) character file.

Game seed: 17028058122500906752, levelgen mode: deterministic

7 Jerej03 the Caller (level 2, 0/15 HPs)
             Began as a Tengu Summoner on Dec 3, 2019.
             Slain by a kobold
             ... wielding a +0 dagger
              (4 damage)
             ... on level 1 of the Dungeon.
             The game lasted 00:03:16 (266 turns).

Jerej03 the Caller (Tengu Summoner)                  Turns: 266, Time: 00:03:17

Health: 0/15       AC:  2    Str:  8    XL:     2   Next: 4%
Magic:  6/6        EV: 13    Int: 15    God:
Gold:   15         SH:  0    Dex: 14    Spells: 4/5 levels left

rFire    . . .     SeeInvis .   f - +0 hunting sling
rCold    . . .     Gourm    .   (no shield)
rNeg     . . .     Faith    .   a - +0 robe
rPois    .         Spirit   .   (helmet restricted)
rElec    .         Reflect  .   (no cloak)
rCorr    .         Harm     .   (no gloves)
MR       .....                  (boots unavailable)
Stlth    ++........             (no amulet)
HPRegen  0.05/turn              (no ring)
MPRegen  0.10/turn              (no ring)

@: no status effects
A: beak, talons 3
a: no special abilities


You were on level 1 of the Dungeon.
You were not hungry.

You visited 1 branch of the dungeon, and saw 1 of its levels.

You collected 15 gold pieces.

Inventory:

Hand Weapons
 f - a +0 hunting sling (weapon)
 k - a +0 dagger
Missiles
 b - 10 stones (quivered)
Armour
 a - a +0 robe (worn)
 d - a +0 robe
 e - a +0 helmet
 j - a +0 ring mail
Scrolls
 h - a scroll of enchant weapon {unknown}
Potions
 i - a potion of curing {unknown}
 l - a potion of heal wounds {unknown}
Comestibles
 c - 2 rations
 g - a chunk of flesh


   Skills:
 + Level 2.3 Dodging
 + Level 2.0 Stealth
 + Level 2.0 Spellcasting
 + Level 5.2 Summonings


You had 4 spell levels left.
You knew the following spells:

 Your Spells              Type           Power        Failure   Level  Hunger
a - Summon Small Mammal   Summ           ###.         2%          1    #......

Your spell library contained the following spells:

 Spells                   Type           Power        Failure   Level  Hunger
 Call Imp                 Summ           ###.....     3%          2    ###....
 Call Canine Familiar     Summ           ###.....     8%          3    ###....
 Summon Guardian Golem    Hex/Summ       #.......     22%         3    ###....
 Summon Ice Beast         Ice/Summ       #.......     58%         4    #####..
 Summon Lightning Spire   Summ/Air       #.......     58%         4    #####..


Dungeon Overview and Level Annotations

Branches:
Dungeon (1/15)

Altars:


Innate Abilities, Weirdness & Mutations

You have a beak for a mouth.
You have claws for feet.


Message History

Press: ? - help, Shift-Dir - straight line, f/p - kobold
Aim: a kobold You shoot a stone.
The stone closely misses the kobold.
The kobold barely misses you. The kobold hits you but does no damage.
The kobold hits you.
Firing (i - inventory)
b - 12 stones (quivered)
Press: ? - help, Shift-Dir - straight line, f/p - kobold
Aim: a kobold You shoot a stone.
The stone hits the kobold but does no damage.
The kobold hits you but does no damage. The kobold hits you.
* * * LOW HITPOINT WARNING * * *
Firing (i - inventory)
b - 11 stones (quivered)
Press: ? - help, Shift-Dir - straight line, f/p - kobold
Aim: a kobold You shoot a stone.
The stone hits the kobold.
You kill the kobold!
You have reached level 2!
The kobold hits you with a +0 dagger.
You die...

. ##. ... #.# #
#.##### ###.
##.#...#.#
#....#..#.#.#.#
(.....g@...>#.#
..##..K.#.#.#.#
......#.#.#.#.#
.....$..#.#.#.#
.####.###.#.#.#
#.
#.#.#.##########
#
#..............#
###.#########.##
#.#.......#.#


You could see a hobgoblin and a kobold.

Vanquished Creatures
  A bat (D:1)
  A kobold (D:1)
  A goblin (D:1)
3 creatures vanquished.

Vanquished Creatures (collateral kills)
  A leopard gecko (D:1)
  2 bats (D:1)
  2 hobgoblins (D:1)
5 creatures vanquished.

Grand Total: 8 creatures vanquished

Notes
Turn   | Place    | Note
-------+----------+-------------------------------------------
     0 | D:1      | Jerej03 the Tengu Summoner began the quest for the Orb.
     0 | D:1      | Reached XP level 1. HP: 10/10 MP: 4/4
    44 | D:1      | Reached skill level 5 in Summonings
   266 | D:1      | Reached XP level 2. HP: 4/15 MP: 6/6
   266 | D:1      | Slain by a kobold

Levels and vault maps discovered:
D:1:      dpeg_arrival_solitude, layout_basic

Skill      XL: |  1 |
---------------+----+-----
Summonings     | 5 |  5.2
Dodging        | |  2.3
Stealth        | |  2.0
Spellcasting   | |  2.0

Action                   || total
-------------------------++-------
Melee: Unarmed           ||     3
       Kick              ||     1
 Fire: Hunting sling     ||    10
Throw: Stone             ||     6
 Cast: Summon Small Mamm ||     4
 Stab: Sleeping          ||     1
Armor: Robe              ||     2
Dodge: Dodged            ||    12

Table legend:
 A = Non-vault XP
 B = Vault XP
 C = Vault XP percentage of total XP
 D = Non-vault monster count
 E = Vault monster count
 F = Vault count percentage of total count
                 A         B        C        D         E       F
            +---------+---------+-------+---------+---------+-------
      Total |      11 |       0 |   0.0 |       8 |       0 |   0.0
            +---------+---------+-------+---------+---------+-------
        D:1 |      11 |       0 |   0.0 |       8 |       0 |   0.0
            +---------+---------+-------+---------+---------+-------
